 Dungeon Sprint DCSS version 0.19-a0-97-g21dea92 (webtiles) character file.

37539 Kidiri the Unseen (level 12, 0/64 HPs)
             Began as a Spriggan Enchanter on May 16, 2016.
             Was the Champion of Dithmenos.
             Killed by the air
             ... invoked by Gastronok
              (36 damage)
             ... in the Dungeon (Sprint III: "The Ten Rune Challenge").
             The game lasted 00:21:34 (3552 turns).

Kidiri the Unseen (Spriggan Enchanter)              Turns: 3552, Time: 00:21:36

Health: 0/64       AC:  3    Str:  6    XL:     12   Next: 81%
Magic:  13/29      EV: 34    Int: 19    God:    Dithmenos [******]
Gold:   48         SH:  0    Dex: 19    Spells: 5 memorised, 29 levels left

rFire  . . .     SeeInvis +     k - +1 dagger (venom)
rCold  . . .     Gourm    .     b - +1 robe
rNeg   . . .     Faith    .     (shield restricted)
rPois  .         Spirit   .     (helmet restricted)
rElec  .         Dismiss  .     (no cloak)
rCorr  .         Reflect  .     (gloves unavailable)
SustAt .         Harm     .     (boots unavailable)
MR     ++...     NoTele   +     (no amulet)
Stlth  ++++++++++               (no ring)
                                (no ring)

@: wreathed by umbra, very quick, very resistant to hostile enchantments,
uncannily stealthy
A: unfitting armour, talons 1, icy blue scales 1, see invisible, deformed body,
herbivore 3, speed 3, low mp 1, slow metabolism 2, strong 1
a: Shadow Step, Shadow Form, Renounce Religion
}: 1/10 runes: barnacled


You were in the Dungeon.
You worshipped Dithmenos.
Dithmenos was exalted by your worship.
You were full.

You visited 1 branch You collected 48 gold pieces.

Inventory:

Hand Weapons
 a - a +2 dagger
 k - a +1 dagger of venom (weapon)
Missiles
 t - 10 throwing nets (quivered)
Armour
 b - a +1 robe (worn)
Wands
 q - a wand of paralysis (9/24)
Scrolls
 j - a scroll of blinking
 l - a scroll of holy word
 n - 3 scrolls of remove curse
Potions
 e - 2 potions of curing
 f - a potion of heal wounds
 g - a potion of haste
 h - 2 potions of magic
 i - 2 potions of berserk rage
 m - a potion of might
 p - 4 potions of flight
 s - 2 potions of cure mutation
Books
 c - a book of Maledictions

   Spells                             Type                      Level
   a - Corona                         Hexes                        1
   b - Ensorcelled Hibernation        Hexes/Ice                    2
   c - Confuse                        Hexes                        3
   d - Tukima's Dance                 Hexes                        3
   e - Dazzling Spray                 Conjuration/Hexes            3
Comestibles
 o - 9 fruits
 r - 25 royal jellies


   Skills:
 + Level 8.1 Fighting
 * Level 14.0 Short Blades
 + Level 7.1 Armour
 * Level 17.8 Dodging
 * Level 19.2 Stealth
 * Level 15.3 Spellcasting
 + Level 7.0 Conjurations
 + Level 11.8 Hexes
 + Level 7.4 Ice Magic
 - Level 3.0 Invocations
 + Level 10.5 Evocations


You had 29 spell levels left.
You knew the following spells:

 Your Spells              Type           Power        Failure   Level  Hunger
a - Corona                Hex            ######.      1%          1    None
b - Ensorcelled Hibernat  Hex/Ice        ######       1%          2    None
c - Confuse               Hex            ######..     1%          3    None
d - Tukima's Dance        Hex            ######..     1%          3    None
e - Dazzling Spray        Conj/Hex       ######       1%          3    None


Dungeon Overview and Level Annotations

Branches:
Dungeon (1/1)

Altars:
Cheibriados
Dithmenos
Elyvilon
Fedhas
Gozag
Kikubaaqudgha
Makhleb
Nemelex Xobeh
Okawaru
Pakellas
Qazlal
Ru
Sif Muna
Trog
Vehumet
Xom
Yredelemnul
Zin
The Shining One
Jiyva
Lugonu

Shops:
D [%:(!:

Annotations:
D exclusion: 2 doors, Gastronok


Innate Abilities, Weirdness & Mutations

You are tiny and cannot use many weapons and most armour.
You have supernaturally acute eyesight.
You are a herbivore.
You cover ground extremely quickly.
You need consume almost no food.
You have sharp toenails.
You are partially covered in icy blue scales (AC +1).
Armour fits poorly on your strangely shaped body.
Your magical capacity is low (-10% MP).
Your muscles are strong. (Str +2)


Message History

The elephant is dazzled.
The elephant completely misses you. The elephant barely misses you.
Gastronok waves his eye-stalks in wide circles.
The air twists around and strikes you!
Unknown command.
Things that are here:
a triple sword of draining; a dyed leather armour Unknown command.
Casting: Dazzling Spray
Confirm with . or Enter, or press ? or * to list all spells.
Aiming: Dazzling Spray
Press: ? - help, Shift-Dir - straight line, f/p - elephant
Aim: an elephant (almost dead, poisoned, blind, hasn't noticed you, umbra)
The spray of energy hits the elephant.
The elephant is almost dead.
The elephant is dazzled.
Gastronok waves his eye-stalks in wide circles.
The air twists around and strikes you!
Ouch! That really hurt!
You die...

#..# #..#####....#___#__+...#...
▓▓▓▓▓▓▓▓▓▓▓▓▓▓▓▓▓▓▓▓▓▓▓▓▓▓▓▓▓▓▓▓
▓...+≈.≈≈≈§≈≈≈♣♣.....♣♣♣♣≈≈≈....
▓.YP#≈≈≈§§§§≈≈♣♣.≈≈≈≈+♣♣'♣≈≈≈≈≈≈
▓YPP#≈.≈§§§≈.≈≈'...%.#.≈♣♣♣♣♣♣♣♣
▓..P#.≈≈w§§§≈≈♣♣♣♣♣♣♣#..♣♣
..$#≈≈≈§§≈.≈≈♣ ###+♣♣♣♣♣♣♣
▓##'####'#######♣ ♣♣♣♣.##..##≈
▓........w.Y)..@♣♣ ♣...##.##.#)
▓#+#############+♣ ♣♣.##.##.##+
...#≈...........♣ ♣..#.##...#
▓...+≈≈.%.########♣♣ ♣♣.##.##.)#
▓JJ.#≈≈≈.........PP♣ ♣♣.##.#####
▓JJ.#≈≈≈≈.........P♣ ♣.....##...
#+#############+#### ########+##
#.♣♣ ▓≈≈≈ #♣.♣ ▓≈≈≈


You could see Gastronok and an elephant (blind).

Vanquished Creatures
  Rupert (D)
  Polyphemus (D)
  Ilsuiw (D)
  Maud (D)
  2 dire elephants (D)
  A merfolk javelineer (D)
  2 hydras (D)
  2 ice dragons (D)
  Erolcha (D)
  4 death yaks (D)
  A spriggan druid (D)
  A sea snake (D)
  A death drake (D)
  A lindwurm (D)
  A deep elf mage (D)
  2 black mambas (D)
  A komodo dragon (D)
  A rime drake (D)
  2 spiny frogs (D)
  3 wandering mushrooms (D)
  A queen bee (D)
  2 giant leeches (D)
  8 blink frogs (D)
  5 redbacks (D)
  A shadow (D)
  2 spriggans (D)
  2 hill giants (D)
  A spatial vortex (D)
  A swamp drake (D)
  A necrophage (D)
  3 two-headed ogres (D)
  A water elemental (D)
  A scorpion (D)
  32 killer bees (D)
  An electric eel (D)
  A jelly (D)
  A wizard (D)
  A necromancer (D)
  3 sheep (D)
  3 humans (D)
  A kobold demonologist (D)
  An ooze (D)
  2 swamp drake simulacra (D)
  3 rats (D)
108 creatures vanquished.

Vanquished Creatures (others)
  2 draconian scorchers (D)
  2 yaktaurs (D)
  10 plants (D)
14 creatures vanquished.

Grand Total: 122 creatures vanquished

Notes
Turn   | Place    | Note
--------------------------------------------------------------
     0 | D        | Kidiri the Spriggan Enchanter began the quest for the Orb.
     0 | D        | Reached XP level 1. HP: 9/9 MP: 5/5
    11 | D        | Reached skill level 5 in Stealth
    50 | D        | Noticed a scorpion
    53 | D        | Killed a scorpion
    53 | D        | Reached skill level 1 in Fighting
    53 | D        | Reached skill level 1 in Armour
    53 | D        | Reached skill level 5 in Dodging
    53 | D        | Reached skill level 6 in Stealth
    53 | D        | Reached XP level 2. HP: 14/14 MP: 5/8
    53 | D        | Reached XP level 3. HP: 18/18 MP: 6/10
    72 | D        | Learned a level 2 spell: Ensorcelled Hibernation
    76 | D        | Learned a level 3 spell: Confuse
    76 | D        | Killed a yaktaur
    80 | D        | Learned a level 3 spell: Dazzling Spray
    96 | D        | Reached XP level 4. HP: 22/22 MP: 5/11
   101 | D        | Learned a level 3 spell: Tukima's Dance
   121 | D        | Gained mutation: You are partially covered in icy blue scales (AC +1). [potion of mutation]
   121 | D        | Gained mutation: Your magical capacity is low (-10% MP). [potion of mutation]
   121 | D        | Gained mutation: You have sharp toenails. [potion of mutation]
   122 | D        | Gained mutation: Armour fits poorly on your strangely shaped body. [potion of mutation]
   122 | D        | Gained mutation: Your muscles are strong. (Str +2) [potion of mutation]
   235 | D        | Killed a white draconian scorcher
   247 | D        | Noticed a water elemental
   249 | D        | Killed a water elemental
   249 | D        | Reached skill level 7 in Stealth
   249 | D        | Reached skill level 5 in Spellcasting
   249 | D        | Reached skill level 1 in Conjurations
   249 | D        | Reached skill level 5 in Hexes
   249 | D        | Reached skill level 1 in Ice Magic
   260 | D        | Noticed a shadow
   262 | D        | Killed a shadow
   262 | D        | Reached skill level 5 in Short Blades
   262 | D        | Reached skill level 9 in Stealth
   262 | D        | Reached XP level 5. HP: 27/27 MP: 11/13
   262 | D        | Reached XP level 6. HP: 32/32 MP: 12/15
   271 | D        | Found an oddly glowing altar of Pakellas.
   271 | D        | Found a stormy altar of Qazlal.
   272 | D        | Found a sacrificial altar of Ru.
   272 | D        | Found a burning altar of Makhleb.
   272 | D        | Found a viscous altar of Jiyva.
   272 | D        | Found a shimmering altar of Xom.
   272 | D        | Found a shadowy altar of Dithmenos.
   272 | D        | Found a sparkling altar of Nemelex Xobeh.
   272 | D        | Found a corrupted altar of Lugonu.
   272 | D        | Found an opulent altar of Gozag.
   272 | D        | Noticed a spatial vortex
   276 | D        | Became a worshipper of Dithmenos the Shadowed
   277 | D        | Killed a spatial vortex
   277 | D        | Reached skill level 10 in Stealth
   277 | D        | Reached skill level 1 in Invocations
   298 | D        | Killed a white draconian scorcher
   361 | D        | Found a radiant altar of Vehumet.
   362 | D        | Found a deep blue altar of Sif Muna.
   362 | D        | Found an ancient bone altar of Kikubaaqudgha.
   367 | D        | Noticed a rust devil
   408 | D        | Found a glowing silver altar of Zin.
   409 | D        | Found a glowing golden altar of the Shining One.
   409 | D        | Found a white marble altar of Elyvilon.
   409 | D        | Noticed a deep elf mage
   411 | D        | Killed a deep elf mage
   411 | D        | Reached * piety under Dithmenos
   411 | D        | Reached skill level 10 in Dodging
   411 | D        | Reached skill level 11 in Stealth
   411 | D        | Reached XP level 7. HP: 36/36 MP: 16/18
   422 | D        | Found an iron altar of Okawaru.
   423 | D        | Found a bloodstained altar of Trog.
   423 | D        | Noticed a human
   423 | D        | Noticed a human
   425 | D        | Killed a human
   426 | D        | Killed a human
   426 | D        | Reached XP level 8. HP: 42/42 MP: 17/19
   479 | D        | Found a snail-covered altar of Cheibriados.
   480 | D        | Found a basalt altar of Yredelemnul.
   480 | D        | Found a blossoming altar of Fedhas.
   484 | D        | Reached ** piety under Dithmenos
   601 | D        | Reached skill level 1 in Evocations
   605 | D        | Reached skill level 12 in Stealth
   614 | D        | Reached *** piety under Dithmenos
   620 | D        | Noticed Erolcha
   622 | D        | Killed Erolcha
   622 | D        | Reached skill level 10 in Spellcasting
   622 | D        | Reached XP level 9. HP: 46/46 MP: 21/21
   623 | D        | Reached skill level 13 in Stealth
   723 | D        | Noticed a queen bee
   727 | D        | Killed a queen bee
   727 | D        | Reached **** piety under Dithmenos
   728 | D        | Reached skill level 5 in Fighting
   737 | D        | Reached ***** piety under Dithmenos
   883 | D        | Killed a yaktaur
   897 | D        | Reached skill level 14 in Stealth
   925 | D        | Reached ****** piety under Dithmenos
   941 | D        | Reached skill level 5 in Evocations
   941 | D        | Reached XP level 10. HP: 8/51 MP: 2/23
  1193 | D        | Reached skill level 10 in Short Blades
  1610 | D        | Reached skill level 5 in Ice Magic
  1626 | D        | Noticed a spiny frog
  1626 | D        | Noticed a spiny frog
  1634 | D        | Killed a spiny frog
  1636 | D        | Killed a spiny frog
  1636 | D        | Reached skill level 5 in Armour
  1639 | D        | Reached skill level 15 in Stealth
  1639 | D        | Reached skill level 5 in Conjurations
  1739 | D        | Noticed a lindwurm
  1742 | D        | Killed a lindwurm
  1752 | D        | Noticed Maud
  1754 | D        | Killed Maud
  1754 | D        | Reached XP level 11. HP: 57/57 MP: 21/25
  1761 | D        | Noticed a five-headed hydra
  1761 | D        | Noticed an eight-headed hydra
  1772 | D        | Killed an eight-headed hydra
  1772 | D        | Reached skill level 16 in Stealth
  1790 | D        | Killed a five-headed hydra
  1790 | D        | Reached skill level 15 in Dodging
  1790 | D        | Reached skill level 10 in Hexes
  1885 | D        | Noticed a death drake
  1887 | D        | Killed a death drake
  1909 | D        | Found a blossoming altar of Fedhas.
  1909 | D        | Noticed a spriggan druid
  1911 | D        | Killed a spriggan druid
  1942 | D        | Noticed Polyphemus
  1943 | D        | Noticed Ilsuiw
  1947 | D        | Killed Polyphemus
  1947 | D        | Reached skill level 17 in Stealth
  2116 | D        | Killed Ilsuiw
  2165 | D        | Noticed a sea snake
  2169 | D        | Killed a sea snake
  2173 | D        | Found Nosurun's Antique Weapon Emporium.
  2181 | D        | Found Eqaedyeq's Distillery.
  2182 | D        | Found Wussuf's Book Shoppe.
  2183 | D        | Noticed a merfolk javelineer
  2194 | D        | Killed a merfolk javelineer
  2213 | D        | Got a barnacled rune of Zot
  2365 | D        | Reached XP level 12. HP: 63/63 MP: 8/28
  2491 | D        | Noticed Rupert
  2497 | D        | Killed Rupert
  2497 | D        | Reached skill level 18 in Stealth
  2518 | D        | Noticed a death yak
  2519 | D        | Noticed a death yak
  2520 | D        | Noticed an azure jelly
  2520 | D        | Noticed a death yak
  2520 | D        | Noticed an azure jelly
  2520 | D        | Noticed a death yak
  2521 | D        | Killed a death yak
  2535 | D        | Killed a death yak
  2712 | D        | Killed a death yak
  2712 | D        | Reached skill level 10 in Evocations
  3013 | D        | Killed a death yak
  3104 | D        | Noticed an ice dragon
  3105 | D        | Killed an ice dragon
  3105 | D        | Reached skill level 15 in Spellcasting
  3107 | D        | Found Micwiel's Antique Armour Shoppe.
  3107 | D        | Found Noaxt's Food Boutique.
  3107 | D        | Found Somam's Book Emporium.
  3107 | D        | Noticed an ice dragon
  3382 | D        | Killed an ice dragon
  3450 | D        | Noticed an azure jelly
  3450 | D        | Noticed an azure jelly
  3451 | D        | Noticed a dire elephant
  3451 | D        | Noticed a dire elephant
  3451 | D        | Noticed Gastronok
  3491 | D        | Killed a dire elephant
  3491 | D        | Reached skill level 19 in Stealth
  3509 | D        | Killed a dire elephant
  3552 | D        | Killed from afar by Gastronok

Vault maps used:
D:        dungeon_sprint_mu

Skill      XL: |  1  2  3  4  5  6  7  8  9 10 11 12 |
---------------+-------------------------------------+-----
Stealth        | 6 9 11 12 14 15 17 19 | 19.2
Spellcasting   | 4 6 8 10 11 12 14 15 | 15.3
Short Blades   | 3 5 7 9 11 12 14 | 14.0
Fighting       | 1 2 3 4 5 6 7 8 |  8.1
Armour         | 1 2 3 4 5 6 7 |  7.1
Dodging        | 5 8 10 11 13 14 16 17 | 17.8
Hexes          | 4 5 6 7 8 9 10 11 | 11.8
Conjurations   | 1 2 3 4 5 6 7 |  7.0
Ice Magic      | 2 3 4 5 6 7 |  7.4
Invocations    | 2 3 |  3.0
Evocations     | 3 5 7 9 10 | 10.5

Action                   |  1- 3 |  4- 6 |  7- 9 | 10-12 || total
-------------------------+-------+-------+-------+-------++-------
Melee: Dagger            |     7 |    11 |    69 |    98 ||   185
       Kick              |       |     1 |     7 |    21 ||    29
 Cast: Ensorcelled Hiber |     2 |     1 |     6 |    50 ||    59
       Confuse           |       |     1 |       |     3 ||     4
       Dazzling Spray    |       |       |    19 |    57 ||    76
Invok: Shadow Step       |       |       |     2 |    10 ||    12
  Use: Scroll            |       |     3 |       |       ||     3
       Potion            |       |     2 |     1 |     2 ||     5
 Stab: Sleeping          |     6 |     6 |    12 |    42 ||    66
       Confused          |       |     1 |       |     3 ||     4
       Invisible         |       |       |    10 |     8 ||    18
  Eat: Bread ration      |       |       |       |     1 ||     1
Armor: Robe              |       |     1 |     2 |     1 ||     4
Dodge: Dodged            |     2 |     4 |   113 |    98 ||   217
